 Dungeon Crawl Stone Soup version 0.28.0-45-g0d030f2227 (webtiles) character file.

Game seed: 14580891003926992172

1252 zeratav the Insei (level 8, -1/54 HPs)
             Began as an Octopode Transmuter on Apr 11, 2022.
             Was an Initiate of Ashenzari.
             Slain by an orc warrior
             ... wielding a +0 glaive
              (17 damage)
             ... on level 7 of the Dungeon.
             The game lasted 00:21:43 (6615 turns).

zeratav the Insei (Octopode Transmuter)             Turns: 6615, Time: 00:21:43

Health: -1/54      AC:  1    Str: 22    XL:     8   Next: 51%
Magic:  15/29      EV: 15    Int: 15    God:    Ashenzari [......]
Gold:   267        SH:  0    Dex: 14    Spells: 7/11 levels left

rFire   . . .      SeeInvis +   l - +0 hand crossbow {crossbow}
rCold   . . .      Faith    .   (no shield)
rNeg    . . .      Spirit   .   (helmet restricted)
rPois   .          Reflect  .   f - amulet of regeneration {@e2}
rElec   .          Harm     .   g - +6 ring of strength
rCorr   .          Rampage  .   i - +4 ring of slaying
Will    .....                   u - ring of the Clairvoyant Regret {MP+9, Elem, Melee} (curse)
Stlth   ++++......              F - +6 ring of strength
HPRegen 0.98/turn               C - ring of magical power
MPRegen 0.21/turn               H - ring of see invisible
                                (no ring)
                                (no ring)

@: lethally poisoned (-1 -> -2), very slightly contaminated
A: almost no armour, amphibious, 8 rings, camouflage 1, gelatinous body 1,
(nimble swimmer 1), tentacles
a: Renounce Religion, Curse Item, Shatter the Chains


You were on level 7 of the Dungeon.
You worshipped Ashenzari.
Ashenzari was noncommittal.
You visited 2 branches of the dungeon, and saw 8 of its levels.
You also visited: Sewer.

You collected 267 gold pieces.


Innate Abilities, Weirdness & Mutations

You cannot wear most types of armour.
You are amphibious.
You can wear up to eight rings at the same time.
Your skin changes colour to match your surroundings (Stealth+).
Your rubbery body absorbs attacks. (AC +1, EV +1)
((You are camouflaged when in or above water. (Stealth+)))
You have tentacles for arms and can constrict up to eight enemies at once.


   Skills:
 + Level 4.2 Fighting
 + Level 4.7 Dodging
 - Level 5.0 Stealth
 * Level 6.8(7.3) Unarmed Combat
 - Level 2.0 Spellcasting
 + Level 2.9 Transmutations
 + Level 2.0(2.4) Ice Magic


You had 7 spell levels left.
You knew the following spells:

 Your Spells              Type           Power      Damage    Failure   Level
a - Beastly Appendage     Tmut           20%        N/A       7%          1
b - Spider Form           Tmut/Pois      5%         N/A       36%         3

Your spell library contained the following spells:

 Spells                   Type           Power      Damage    Failure   Level
 Wereblood                Tmut           10%        N/A       10%         2
 Blink                    Tloc           2%         N/A       32%         2
 Gell's Gravitas          Tloc           1%         N/A       54%         3
 Lesser Beckoning         Tloc           1%         N/A       54%         3
 Teleport Other           Tloc           1%         N/A       54%         3
 Ice Form                 Ice/Tmut       9%         N/A       58%         4
 Manifold Assault         Tloc           1%         N/A       99%         5
 Dispersal                Tloc           0%         N/A       100%        6

Inventory:

Hand Weapons
 l - a +0 hand crossbow (weapon) {crossbow}
   (You took it off a kobold in a sewer)
 v - a +1 trident of venom {polearm}
   (You took it off an orc on level 3 of the Dungeon)
 A - a +2 dagger of venom {short}
   (You found it on level 4 of the Dungeon)
Missiles
 m - 102 bolts (quivered ammo)
Jewellery
 c - an amulet of guardian spirit
   (You found it on level 1 of the Dungeon)
 f - an amulet of regeneration (around mantle) {@e2}
   (You found it on level 1 of the Dungeon)
 g - a +6 ring of strength (left tentacle)
   (You found it on level 1 of the Dungeon)
 i - a +4 ring of slaying (right tentacle)
   (You found it on level 2 of the Dungeon)
 u - the cursed ring of the Clairvoyant Regret (on tentacle) {MP+9, Elem, Melee}
   (You found it on level 3 of the Dungeon)

   [ring of magical power]

   MP:        It affects your magic capacity (+9).
   It has a curse which improves the following skills: Elements: Fire Magic, Ice
   Magic, Air Magic and Earth Magic.
   Melee Combat: Short Blades, Long Blades, Axes, Maces & Flails, Polearms,
   Staves and Unarmed Combat.
 C - a ring of magical power (on tentacle)
   (You found it on level 5 of the Dungeon)
 F - a +6 ring of strength (on tentacle)
   (You found it on level 6 of the Dungeon)
 H - a ring of see invisible (on tentacle)
   (You found it on level 7 of the Dungeon)
Wands
 x - a wand of iceblast (19)
   (You found it on level 3 of the Dungeon)
Scrolls
 a - a scroll of holy word {unknown}
 b - a scroll of silence {unknown}
 h - 5 scrolls of teleportation {unknown}
 j - a scroll of magic mapping {unknown}
 k - 2 scrolls of fog {unknown}
 o - a scroll of brand weapon {unknown}
 p - 2 scrolls of fear {unknown}
 r - a scroll of summoning {unknown}
 w - a scroll of vulnerability {unknown}
 y - a scroll of blinking {unknown}
 B - a scroll of enchant armour {unknown}
 D - a scroll of identify {unknown}
 E - a scroll of immolation {unknown}
Potions
 d - a potion of degeneration {unknown}
 e - 3 potions of mutation {unknown}
 n - a potion of attraction {unknown}
 q - a potion of might {unknown}
 s - 2 potions of cancellation {unknown}
 t - 2 potions of curing {unknown}
 z - 2 potions of flight {unknown}
 G - a potion of haste {unknown}

Dungeon Overview and Level Annotations

Branches:
Dungeon (7/15)             Temple (1/1) D:5           Sewer (visited)

Altars:
Ashenzari
Cheibriados
Dithmenos
Elyvilon
Fedhas
Gozag
Kikubaaqudgha
Makhleb
Nemelex Xobeh
Okawaru
Qazlal
Ru
Sif Muna
Trog
Uskayaw
Vehumet
Wu Jian
Xom
Yredelemnul
Zin
The Shining One

Shops:
D:1 !   D:2 * D:5

: ...##
#.........# .>##
#.....##### ...##
#.....# ....##
#.....# .....#
#.....# ..#...#
#.....# .###...#
#.....# ## #...#
#.....### # #...
#..@....## #..
#..)/......
#......o.....####
......#...### #
..........# #
....#._.#.# .#
.... .....# .#
... ..#.... ## ..
.......#


You could see an orc warrior.


Message History

MP[+1] MP[+1] MP[+1] MP[+2]
You regained 2 mp, and now have 27/29 mp.
MP[+1] MP[+1]
Your mp is fully restored (29).
Casting: Spider Form (dangerous; 36% risk of failure)
Confirm with . or Enter, or press ? or * to list all spells.
You miscast Spider Form.
You are very lightly contaminated with residual magic.
Nothing appears to happen.
MP[-3]
You lost 3 mp, and now have 26/29 mp.
Casting: Spider Form (dangerous; 36% risk of failure)
Confirm with . or Enter, or press ? or * to list all spells.
You miscast Spider Form.
Nothing appears to happen.
MP[-3]
You lost 3 mp, and now have 23/29 mp.
Casting: Spider Form (dangerous; 36% risk of failure)
Confirm with . or Enter, or press ? or * to list all spells.
You turn into a venomous arachnid creature.
Your +0 hand crossbow {crossbow} melds into your body.
MP[-3]
You lost 3 mp, and now have 20/29 mp.
MP[+1]
A kobold and an orc come into view.
The kobold is carrying a wand of flame (10).
Found a radiant altar of Vehumet.
Your transformation is almost over.
The orc moves out of view.
The kobold shouts!
You hear a shout!
The centaur shouts!
The orc shouts!
You hear a shout!
An orc warrior comes into view. It is wielding a +0 glaive.
You hit the centaur.
The centaur unwields a +0 shortbow.
The centaur hits you. The centaur misses you.
HP[-1] MP[+1]
You take 1 damage, and now have 53/54 hp.
You bite the centaur!
The centaur is poisoned.
The centaur misses you. The centaur closely misses you. The centaur misses you.
The centaur kicks you but does no damage.
Ashenzari invites you to partake of a vision and a curse of introspection and beguiling.
HP[+1]
Your hp is fully restored (54).
You hit the centaur.
The centaur looks as sick as possible!
The centaur misses you. The centaur completely misses you. The kobold hits you.
HP[-1]
You take 1 damage, and now have 53/54 hp.
You barely miss the kobold. The centaur barely misses you.
The centaur misses you. The kobold closely misses you.
HP[+1]
Your hp is fully restored (54).
You bite the kobold!
You kill the kobold!
You kill the centaur!
Your Ice Magic skill increases to level 2!
You hit the orc.
The orc is poisoned.
The orc misses you.
You hit the orc.
You kill the orc!
The orc warrior hits you from afar with a +0 glaive!!
HP[-25] MP[+1]
You take 25 damage, and now have 29/54 hp.
MASSIVE DAMAGE!! (PAUSE)
Your transformation has ended.
Your +0 hand crossbow {crossbow} unmelds from your body.
The orc warrior barely misses you.
HP[+1] Really attack while wielding your +0 hand crossbow {crossbow}? [Y]es or [N]o only, please.
Really attack while wielding your +0 hand crossbow {crossbow}? [Y]es or [N]o only, please.
Really attack while wielding your +0 hand crossbow {crossbow}?
Okay, then.
Casting: Spider Form (dangerous; 36% risk of failure)
Confirm with . or Enter, or press ? or * to list all spells.
You miscast Spider Form.
Nothing appears to happen.
The orc warrior barely misses you.
HP[+1] MP[-3]
You lost 3 mp, and now have 20/29 mp.
Casting: Spider Form (dangerous; 36% risk of failure)
Confirm with . or Enter, or press ? or * to list all spells.
You miscast Spider Form.
You feel incredibly sick!
You are poisoned.
* * * LOW HITPOINT WARNING * * *
You feel sick.
The orc warrior hits you with a +0 glaive!
* * * LOW HITPOINT WARNING * * *
HP[-15] MP[-3]
You take 15 damage, and now have 16/54 hp.
MASSIVE DAMAGE!! (PAUSE)
You lost 3 mp, and now have 17/29 mp.
Casting: Spider Form (dangerous; 36% risk of failure)
Confirm with . or Enter, or press ? or * to list all spells.
You miscast Spider Form.
Nothing appears to happen.
You feel sick. The orc warrior misses you.
MP[-3]
You lost 3 mp, and now have 14/29 mp.
You feel sick.
The orc warrior hits you from afar with a +0 glaive!
You die...

Skill      XL: |  1  2  3  4  5  6  7  8 |
---------------+-------------------------+-----
Stealth        | 1 2 3 4 5 |  5.0
Fighting       | 2 3 4 |  4.2
Unarmed Combat | 4 5 6 |  6.8
Dodging        | 3 4 |  4.7
Ice Magic      | 1 2 |  2.0
Spellcasting   | |  2.0
Transmutations | |  2.9

Action                   |  1- 3 |  4- 6 |  7- 9 || total
-------------------------+-------+-------+-------++-------
Melee: Unarmed           |    78 |    41 |    24 ||   143
       Kick              |    21 |     4 |       ||    25
       Constrict         |    21 |     9 |       ||    30
       Punch             |     3 |     1 |       ||     4
       Tentacles         |     8 |     4 |       ||    12
       Dagger            |       |     3 |     1 ||     4
 Fire: Hand crossbow     |       |    93 |    43 ||   136
 Cast: Beastly Appendage |    24 |     5 |       ||    29
       Spider Form       |       |     5 |     6 ||    11
Invok: Curse Item        |       |       |     1 ||     1
 Stab: Sleeping          |    10 |     2 |     1 ||    13
Armor: Skin              |     3 |     4 |     3 ||    10
Dodge: Dodged            |    49 |    40 |    37 ||   126

Levels and vault maps discovered:
D:1:      amcnicky_arrival_underground_garden, layout_basic, serial_shops, shop,
          hangedman_feature_mirror, minmay_misc_feat_columns
D:2:      layout_loops_ring, serial_shops, nicolae_shop_overgrown_old_shop,
          eino_curves_01, st_stairs_12, item_on_display_a
D:3:      minmay_diamond_boxcup, layout_loops_ring,
          shapermc_ecumenical_altar_acropolis, cheibrodos_sewer_entry_bend,
          uniq_terence
D:4:      layout_basic, mainiacjoe_overflow_catwalk
D:5:      layout_cave_pools, temple_pool_b, serial_shops, nicolae_stop_n_shop_2,
          serial_park_tiny_1
D:6:      layout_gridville, led_sif_pool, nrook_mini_backslash
D:7:      layout_layer_cave, vehumet_altar_wand_db, serial_shops,
          kennysheep_mini_moat, nicolae_shop_hallway_plus,
          nicolae_shop_temple_entry_statues_fountains,
          nicolae_shop_hallway_stairs, minmay_misc_feat_five
Temple:   regret_index_temple_mists

Notes
Turn   | Place    | Note
-------+----------+-------------------------------------------
     0 | D:1      | zeratav the Octopode Transmuter began the quest for the
                  | Orb.
     0 | D:1      | Reached XP level 1. HP: 13/13 MP: 3/3
     0 | D:1      | magus.rc [v1.9.6]
   208 | D:1      | Found Mihimirph's Distillery.
   265 | D:1      | Reached XP level 2. HP: 18/18 MP: 3/5
   410 | D:1      | Reached skill level 1 in Stealth
   781 | D:1      | Reached XP level 3. HP: 21/23 MP: 4/6
  2019 | D:2      | Reached skill level 2 in Stealth
  2234 | D:2      | Reached XP level 4. HP: 21/29 MP: 5/7
  2439 | D:2      | Found Vynusog's Assorted Antiques.
  2510 | D:3      | Learned a level 3 spell: Spider Form
  2540 | D:3      | HP: 1/29 [something/magic dart (10)]
  2685 | D:3      | Reached skill level 2 in Fighting
  2685 | D:3      | Reached skill level 4 in Unarmed Combat
  2741 | D:3      | Reached XP level 5. HP: 23/34 MP: 4/8
  2838 | D:3      | Found a glowing drain.
  2852 | Sewer    | Entered a sewer
  2876 | Sewer    | Reached skill level 3 in Stealth
  2924 | Sewer    | Reached skill level 3 in Dodging
  3204 | D:3      | Noticed Terence
  3216 | D:3      | Killed Terence
  3568 | D:3      | Found a faded altar of an unknown god.
  3582 | D:3      | Reached XP level 6. HP: 41/41 MP: 9/9
  4324 | D:4      | Reached skill level 5 in Unarmed Combat
  4431 | D:4      | Reached skill level 4 in Stealth
  4466 | D:4      | Found a glowing silver altar of Zin.
  4569 | D:4      | Reached skill level 3 in Fighting
  4569 | D:4      | Reached XP level 7. HP: 38/46 MP: 10/10
  4838 | D:5      | Entered Level 5 of the Dungeon
  4838 | D:5      | Found Ficogis's Book Emporium.
  4848 | D:5      | Reached skill level 4 in Dodging
  4984 | D:5      | Reached skill level 5 in Stealth
  4984 | D:5      | Reached skill level 6 in Unarmed Combat
  5142 | D:5      | Found a staircase to the Ecumenical Temple.
  5151 | Temple   | Entered the Ecumenical Temple
  5301 | Temple   | Became a worshipper of Ashenzari the Shackled
  5640 | D:6      | Noticed a steam dragon
  5683 | D:6      | You pick up a book of Spatial Translocations and begin
                  | reading...
  5683 | D:6      | You add the spells Blink, Lesser Beckoning and Manifold
                  | Assault to your library.
  5886 | D:6      | Found a shimmering blue altar of Sif Muna.
  5979 | D:6      | Reached skill level 1 in Ice Magic
  5979 | D:6      | Reached XP level 8. HP: 54/54 MP: 11/11
  6003 | D:6      | You add the spells Gell's Gravitas, Teleport Other and
                  | Dispersal to your library.
  6327 | D:6      | Reached skill level 4 in Fighting
  6601 | D:7      | Found a radiant altar of Vehumet.
  6609 | D:7      | Reached skill level 2 in Ice Magic
  6615 | D:7      | Slain by an orc warrior

Vanquished Creatures
  A water moccasin (D:6)
  A necrophage (D:6)
  A black bear (D:5)
  An ogre (D:6)
  2 centaurs (D:7)
  2 scorpions (D:4)
  2 jellies (D:6)
  4 hounds
  A bullfrog zombie (D:6)
  An orc priest (D:3)
  A bullfrog skeleton (D:5)
  Terence (D:3)
  2 iguanas (D:4)
  An orc wizard (D:3)
  11 adders
  An adder skeleton (D:4)
  4 worms
  6 dart slugs
  7 orcs
  11 ball pythons
  6 bats
  15 endoplasms
  3 giant cockroaches
  9 goblins
  8 hobgoblins
  3 jackals
  10 kobolds
  6 quokkas
  5 rats
126 creatures vanquished.

Vanquished Creatures (others)
  4 fungi (D:3)
  A plant (D:3)
5 creatures vanquished.

Grand Total: 131 creatures vanquished

Table legend:
 A = Non-vault XP
 B = Vault XP
 C = Vault XP percentage of total XP
 D = Non-vault monster count
 E = Vault monster count
 F = Vault count percentage of total count
                 A         B        C        D         E       F
            +---------+---------+-------+---------+---------+-------
      Total |    1650 |     139 |   7.8 |      92 |      34 |  27.0
            +---------+---------+-------+---------+---------+-------
        D:1 |      50 |      13 |  20.6 |      25 |       6 |  19.4
        D:2 |      25 |       4 |  13.8 |       7 |       2 |  22.2
        D:3 |     158 |      75 |  32.2 |      23 |      11 |  32.4
        D:4 |     397 |       0 |   0.0 |      22 |       0 |   0.0
        D:5 |     255 |       0 |   0.0 |       4 |       0 |   0.0
        D:6 |     540 |       0 |   0.0 |       8 |       0 |   0.0
        D:7 |     225 |       1 |   0.4 |       3 |       1 |  25.0
      Sewer |       0 |      46 | 100.0 |       0 |      14 | 100.0
            +---------+---------+-------+---------+---------+-------

Illustrated notes

Table legend:
 A = Kills in this place as a percentage of kills in entire the game.
 B = Kills by you in this place as a percentage of kills by you in the entire game.
 C = Kills by friends in this place as a percentage of kills by friends in the entire game.
 D = Other kills in this place as a percentage of other kills in the entire game.
 E = Experience gained in this place as a percentage of experience gained in the entire game.
 F = Experience gained in this place divided by the number of levels of this place that you have seen.
                   A       B       C       D       E      F
               +-------+-------+-------+-------+-------+----------------------
         Total | 100.0 | 100.0 |   N/A |   N/A | 100.0 | 198.8
       Dungeon |  88.9 |  88.9 |   N/A |   N/A |  97.4 | 249.0
         Sewer |  11.1 |  11.1 |   N/A |   N/A |   2.6 |  46.0
               +-------+-------+-------+-------+-------+----------------------

Table legend: (Time is in decaauts)
 A = Elapsed time spent in this place.
 B = Non-inter-level travel time spent in this place.
 C = Inter-level travel time spent in this place.
 D = Time resting spent in this place.
 E = Time spent auto-exploring this place.
 F = Levels seen in this place.
 G = Mean time per level.
                   A        B        C        D        E       F      G
               +--------+--------+--------+--------+--------+-----+--------+
         Total |   6667 |   5018 |   1649 |    454 |   2618 |   9 |  740.8 |
       Dungeon |   6267 |   4652 |   1615 |    454 |   2498 |   7 |  895.3 |
        Temple |    171 |    137 |     34 |      0 |    120 |   1 |  171.0 |
         Sewer |    227 |    227 |      0 |      0 |      0 |   1 |  227.0 |
               +--------+--------+--------+--------+--------+-----+--------+

Top non-repeatable levels by time:
     D:1: 1849 daAuts
     D:3: 1368 daAuts
     D:6: 870 daAuts
     D:2: 825 daAuts
     D:5: 618 daAuts
     D:4: 605 daAuts
   Sewer: 227 daAuts
  Temple: 171 daAuts
     D:7: 129 daAuts
